 Dungeon Crawl Stone Soup version 0.31-a0-167-g1c394c0614 (webtiles) character file.

Game seed: 16468437636183173597

262 Hubris850 the Chiller (level 5, -2/57 HPs)
             Began as a Draconian Ice Elementalist on June 14, 2023.
             Slain by Menkaure (11 damage)
             ... on level 5 of the Dungeon.
             The game lasted 00:09:02 (3173 turns).

Hubris850 the Chiller (Draconian Ice Elementalist)  Turns: 3173, Time: 00:09:03

Health: -2/57      AC: 22    Str: 10 (11) XL:     5   Next: 97%
Magic:  9/10       EV:  2    Int: 14 (17) God:
Gold:   217        SH:  0    Dex:  9 (11) Spells: 7/11 levels left

rFire   + . .        f - staff of cold
rCold   + . .        (no shield)
rNeg    . . .        (body armour unavailable)
rPois   +            (helmet currently unavailable)
rElec   .            (cloak currently unavailable)
rCorr   .            (gloves currently unavailable)
SInv    .            (boots currently unavailable)
Will    +....        (no amulet)
Stlth   ++           b - ring of willpower
HPRegen 0.29/turn    g - ring of protection from fire
MPRegen 0.12/turn

%: no passive effects
@: tree-form, very slightly contaminated
A: stationary, stasis, torment immunity, boosted hp, AC +5, unfitting armour,
(cold-blooded)
a: no special abilities


You were on level 5 of the Dungeon.
You were a tree.
You visited 1 branch of the dungeon, and saw 5 of its levels.

You collected 217 gold pieces.

Inventory:

Missiles
 i - 3 poisoned darts
Magical Staves
 f - a staff of cold (weapon)
Jewellery
 b - a ring of willpower (left branch)
 g - a ring of protection from fire (right branch)
 m - the amulet "Jel Moelig" {RegenMP rCorr Dex+2 Slay-6 Stlth+}
   (You found it on level 2 of the Dungeon)

   [amulet of magic regeneration]

   It increases your rate of magic regeneration.
   Dex:       It affects your dexterity (+2).
   Slay:      It affects your accuracy & damage with ranged weapons and melee
   (-6).
   rCorr:     It protects you from acid and corrosion.
   Stlth:     It makes you more stealthy.
 p - a ring of flight
Scrolls
 e - 3 scrolls of identify {unknown}
 j - 2 scrolls of vulnerability {unknown}
 k - a scroll of brand weapon {unknown}
 o - a scroll of blinking {unknown}
Potions
 a - a potion of magic
 c - 2 potions of curing
 d - a potion of degeneration
 h - a potion of lignification
 l - 2 potions of haste {unknown}
 n - a potion of ambrosia {unknown}


   Skills:
 + Level 0.0 Staves
 - Level 3.5 Dodging
 - Level 2.0 Stealth
 + Level 3.6 Spellcasting
 + Level 5.3 Ice Magic
 + Level 0.0 Evocations


You had 7 spell levels left.
You knew the following spells:

 Your Spells              Type           Power      Damage    Failure   Level
a - Freeze                Ice            100%       1d10      2%          1
b - Frozen Ramparts       Ice            52%        1d8       7%          3

Your spell library contained the following spells:

 Spells                   Type           Power      Damage    Failure   Level
 Ozocubu's Armour         Ice            26%        N/A       7%          3
 Kiss of Death            Conj/Necr      8%         2d6       21%         1
 Confusing Touch          Hex            2%         N/A       52%         3
 Summon Guardian Golem    Hex/Summ       2%         N/A       52%         3
 Tukima's Dance           Hex            2%         N/A       52%         3
 Summon Ice Beast         Ice/Summ       14%        N/A       56%         4
 Dispel Undead            Necr           2%         3d7       90%         4
 Passage of Golubria      Tloc           2%         N/A       90%         4
 Yara's Violent Unravell  Hex/Tmut       1%         3d3       99%         5
 Orb of Destruction       Conj           1%         9d5       100%        7
 Spellforged Servitor     Conj/Summ      1%         N/A       100%        7


Dungeon Overview and Level Annotations

Branches:
Dungeon (6/15)
 Temple: D:4-7

Altars:

Annotations:
D:5 Menkaure


Innate Abilities, Weirdness & Mutations

You are a tree.
Your roots penetrate the ground, keeping you stationary.
You cannot be teleported.
You are immune to unholy pain and torment.
Your maximum health is greatly increased.
Your equipment is partially melded.
((Your plain brown scales are hard. (AC +5)))
You cannot fit into any form of body armour.
((You are cold-blooded and may be slowed by cold attacks.))


Message History

You resist with some effort.
It was a potion of lignification.
You turn into a tree.
Your roots penetrate the ground.
Menkaure hits you!
You hit Menkaure.
Menkaure is lightly damaged.
Menkaure completely misses you.
You hit Menkaure.
Menkaure is lightly damaged.
Menkaure hits you!
You hit Menkaure.
Menkaure is moderately damaged.
Menkaure completely misses you.
You hit Menkaure but do no damage.
Menkaure is moderately damaged.
Menkaure hits you!
You hit Menkaure but do no damage.
Menkaure is moderately damaged.
Menkaure rustles, "From dust you came, to dust you will return."
Menkaure hits you but does no damage.
Casting: Freeze (safe; 2% risk of failure)
Confirm with . or Enter, or press ? or * to list all spells.
Aiming: Freeze (safe; 2% risk of failure)
Press: ? - help, Shift-Dir - straight line, f - Menkaure
Aim: Menkaure (moderately damaged)
You feel a surge of power!
You miscast Freeze.
You are very lightly contaminated with residual magic.
Nothing appears to happen.
Menkaure mumbles some strange words.
Menkaure seems to speed up.
You hit Menkaure but do no damage.
Menkaure is moderately damaged.
Menkaure hits you!
* * * LOW HITPOINT WARNING * * *
You hit Menkaure.
Menkaure is moderately damaged.
Menkaure hits you but does no damage.
You hit Menkaure but do no damage.
Menkaure is moderately damaged.
Menkaure hits you but does no damage. Menkaure hits you!
You die...

## ... ### ....
##.##.....
####.M...###.
#....♣.......
...............
.####..........
##.........
.^........
##........#
..........
....#.##..


You could see Menkaure (fast).

Vanquished Creatures
  A bullfrog (D:6)
  Robin (D:2)
  7 gnolls
  4 adders
  A worm (D:2)
  A dart slug (D:1)
  10 orcs (D:3)
  6 ball pythons
  5 endoplasms
  3 giant cockroaches (D:3)
  9 goblins (D:2)
  9 hobgoblins
  3 jackals (D:3)
  2 quokkas
  5 bats
  2 frilled lizards
  3 rats (D:1)
72 creatures vanquished.

Notes
Turn   | Place    | Note
-------+----------+-------------------------------------------
     0 | D:1      | Hubris850 the Draconian Ice Elementalist began the quest
                  | for the Orb.
     0 | D:1      | Reached XP level 1. HP: 14/14 MP: 3/3
   209 | D:1      | Reached XP level 2. HP: 20/20 MP: 0/5
   975 | D:2      | Reached XP level 3. HP: 24/26 MP: 2/6
  1017 | D:2      | Learned a level 3 spell: Frozen Ramparts
  1614 | D:2      | Noticed Robin
  1623 | D:2      | Killed Robin
  1624 | D:2      | Reached XP level 4. HP: 33/33 MP: 4/8
  1727 | D:2      | Identified the amulet "Jel Moelig" {RegenMP rCorr Dex+2
                  | Slay-6 Stlth+}
  2389 | D:3      | Identified the +3 leather armour of Mutualism {rElec rF+
                  | Regen+ Slay+2}
  2396 | D:3      | Reached XP level 5. HP: 25/38 MP: 5/9
  2604 | D:3      | Found a faded altar of an unknown god.
  2904 | D:3      | Reached skill level 5 in Ice Magic
  2963 | D:3      | You fall into a shaft and drop 3 floors!
  3161 | D:5      | Entered Level 5 of the Dungeon
  3161 | D:5      | Noticed Menkaure
  3173 | D:5      | Slain by Menkaure

Illustrated notes

Levels and vault maps discovered:
D:1:      minmay_arrival_cross, layout_loops_ring, serial_park_tiny_pond
D:2:      layout_basic, ebering_dispersal_statue_hall, uniq_robin
D:3:      layout_loops_cross, dreamdust_ecumenical_altar_grove
D:5:      layout_cave_pools, serial_column_ruins, column_ruins_grid_1,
          column_ruins_columns_straight, column_ruins_open_small,
          column_ruins_open_tiny, uniq_menkaure
D:6:      kennysheep_housing_project, layout_loops_cross,
          mainiacjoe_overflow_tiny_flanked, uniq_crazy_yiuf_cottage, uniq_pikel,
          uniq_edmund

Skill      XL: |  1  2  3  4  5 |
---------------+----------------+-----
Stealth        | 2 |  2.0
Dodging        | 2 3 |  3.5
Spellcasting   | 3 |  3.6
Ice Magic      | 5 |  5.3

Action                     |  1- 3 |  4- 6 || total
---------------------------+-------+-------++-------
  Melee: Staff             |    17 |    32 ||    49
         Tailslap          |     3 |     3 ||     6
         Unarmed           |     2 |       ||     2
         Punch             |     2 |       ||     2
   Cast: Freeze            |    48 |    44 ||    92
         Frozen Ramparts   |     1 |     5 ||     6
    Use: Potion            |       |     3 ||     3
   Stab: Sleeping          |     1 |     1 ||     2
 Armour: Skin              |    12 |    16 ||    28
  Dodge: Dodged            |    29 |    37 ||    66

Table legend: (Time is in decaauts)
 A = Elapsed time spent in this place.
 B = Non-inter-level travel time spent in this place.
 C = Inter-level travel time spent in this place.
 D = Time resting spent in this place.
 E = Time spent auto-exploring this place.
 F = Levels seen in this place.
 G = Mean time per level.
                   A        B        C        D        E       F      G
               +--------+--------+--------+--------+--------+-----+--------+
         Total |   3180 |   3113 |     67 |    522 |   1922 |   5 |  636.0 |
       Dungeon |   3180 |   3113 |     67 |    522 |   1922 |   5 |  636.0 |
               +--------+--------+--------+--------+--------+-----+--------+

Top non-repeatable levels by time:
     D:2: 1193 daAuts
     D:1: 928 daAuts
     D:3: 847 daAuts
     D:6: 197 daAuts
     D:5: 13 daAuts
